AoeStats
← zamithdaniel

Black Forest

507208330Analyzed
2v2 RM · 16d ago on Sep 17, 2026· 50m 46s· 4 players
Game mode
Random Map
Map size
Medium (4 player)
Population
200
Speed
Normal
Resources
Standard
Victory
Conquest
Starting age
Dark Age
Ending age
Imperial Age
RankedLock teamsTeams togetherTeam positionsShared explorationLock speedFull tech treeHidden civsTurbo modeCheats
Victory
Defeat
🇨🇴 Turks · Colombia
959
+17
🇨🇴 Britons · Colombia
926
+18
🇦🇷 Bulgarians · Argentina
979
-18
🇦🇷 Wu · Argentina
978
-17
zamithdaniel
12:47 Feudal Age
18:34 Castle Age
17:31 Horse Collar
17:48 Double-Bit Axe
24:02 Horse Collar
29:05 Fletching
29:33 Fortified Wall
32:00 Imperial Age
30:45 Fortified Wall
30:53 Stone Mining
30:56 Gold Mining
31:45 Bow Saw
33:42 Ballistics
35:07 Wheelbarrow
34:17 Loom
34:18 Town Watch
35:14 Gold Shaft Mining
34:48 Padded Archer Armor
34:58 Forging
34:54 Scale Barding Armor
36:41 Hand Cart
37:33 Leather Archer Armor
37:54 Iron Casting
37:42 Chain Barding Armor
37:20 Elite Janissary
41:32 Ring Archer Armor
41:53 Conscription
41:44 Husbandry
41:56 Bloodlines
42:35 Artillery
46:39 Blast Furnace
46:15 Plate Barding Armor
Dovahkyn
10:29 Feudal Age
10:26 Loom
23:32 Castle Age
22:19 Horse Collar
22:28 Double-Bit Axe
25:01 Fletching
26:42 Gold Mining
28:40 Bodkin Arrow
29:25 Heavy Plow
31:22 Stone Mining
33:43 Bodkin Arrow
37:25 Imperial Age
35:38 Padded Archer Armor
37:04 Wheelbarrow
37:06 Gold Shaft Mining
37:39 Yeomen
37:19 Bodkin Arrow
37:40 Town Watch
38:40 Conscription
40:05 Chemistry
39:25 Ballistics
39:25 Treadmill Crane
40:36 Heavy Scorpion
41:57 Fortified Wall
42:55 Murder Holes
42:50 Elite Longbowman
44:09 Warwolf
45:03 Caravan
46:26 Hand Cart
46:16 Bracer
46:31 Leather Archer Armor
46:27 Forging
46:39 Leather Archer Armor
48:06 Siege Engineers
51:13 Ring Archer Armor
D4zai
1:58 Loom
14:37 Feudal Age
17:26 Double-Bit Axe
18:24 Gold Mining
21:56 Padded Archer Armor
26:12 Castle Age
24:36 Fletching
25:41 Horse Collar
26:29 Elite Skirmisher
27:21 Stone Mining
29:30 Scale Barding Armor
32:28 Ballistics
32:53 Bodkin Arrow
36:31 Leather Archer Armor
37:31 Thumb Ring
40:23 Heavy Plow
41:09 Masonry
45:35 Imperial Age
44:14 Stone Shaft Mining
44:17 Gold Shaft Mining
44:38 Chain Barding Armor
47:18 Chemistry
47:05 Plate Barding Armor
47:11 Bracer
C4$TL3 a0e
0:28 Loom
12:06 Feudal Age
12:37 Man-at-Arms
21:25 Wheelbarrow
22:04 Horse Collar
22:17 Gold Mining
24:43 Double-Bit Axe
27:18 Castle Age
27:00 Stone Mining
27:55 Scale Mail Armor
28:05 Forging
29:31 Gold Shaft Mining
29:13 Bow Saw
29:21 Chain Mail Armor
29:39 Caravan
30:27 Iron Casting
31:19 Squires
31:05 Arson
32:48 Fletching
32:58 Padded Archer Armor
36:41 Imperial Age
34:22 Town Watch
34:54 Leather Archer Armor
36:17 Hand Cart
36:36 Bodkin Arrow
38:05 Plate Mail Armor
38:35 Blast Furnace
39:11 Town Patrol
39:42 Ballistics
39:51 Conscription
40:15 Red Cliffs Tactics
41:59 Bracer
42:59 Blast Furnace
43:09 Blast Furnace
43:47 Chemistry
44:20 Two-Man Saw
43:34 Heavy Plow
46:37 Stone Shaft Mining
Connection lost

Rejoining the realm…

Still unreachable

The connection could not be restored.

Session expired

The server has moved on; the page needs a fresh start.